AoeStats
← jphilkill

MegaRandom

510082705Analyzed
4v4 RM · 2d ago on Sep 29, 2026· 44m 41s· 8 players
Game mode
Random Map
Map size
Large (8 player)
Population
200
Speed
Normal
Resources
Standard
Victory
Conquest
Starting age
Dark Age
Ending age
Imperial Age
RankedLock teamsTeams togetherTeam positionsShared explorationLock speedFull tech treeHidden civsTurbo modeCheats
Victory
Defeat
🇹🇼 Varangians · Taiwan
1005
+15
🇺🇸 Mongols · United States
985
+16
🇷🇺 Danes · Russia
957
+17
🇺🇸 Byzantines · United States
951
+17
🇵🇪 Gurjaras · Peru
1039
-19
🇩🇪 Huns · Germany
967
-16
🇦🇹 Japanese · Austria
959
-15
🇦🇺 Franks · Australia
946
-15
TocTheYoungr
11:00 Loom
12:46 Feudal Age
13:42 Double-Bit Axe
13:45 Horse Collar
20:13 Castle Age
19:58 Gold Mining
20:04 Stone Mining
21:05 Forging
21:01 Scale Barding Armor
22:59 Chain Barding Armor
24:01 Husbandry
26:37 Iron Casting
27:19 Heavy Plow
31:37 Wheelbarrow
33:33 Imperial Age
34:37 Hand Cart
35:13 Gold Shaft Mining
35:46 Crop Rotation
35:30 Bow Saw
35:46 Heavy Camel Rider
36:56 Conscription
38:47 Plate Barding Armor
40:36 Logistica
40:37 Elite Cataphract
aextropical#0420
11:30 Feudal Age
9:46 Loom
11:55 Double-Bit Axe
20:10 Castle Age
21:59 Bow Saw
21:44 Horse Collar
27:21 Heavy Plow
28:36 Pikeman
29:17 Squires
29:19 Fletching
30:21 Bodkin Arrow
30:50 Padded Archer Armor
32:00 Ballistics
33:21 Murder Holes
33:44 Leather Archer Armor
34:07 Bloodlines
33:58 Husbandry
35:49 Wheelbarrow
35:00 Town Watch
42:55 Imperial Age
40:41 Hand Cart
41:26 Gold Mining
43:40 Bracer
43:05 Elite Mangudai
44:06 Conscription
43:37 Capped Ram
44:40 Drill
AZ
8:19 Loom
13:40 Feudal Age
14:09 Double-Bit Axe
14:07 Horse Collar
18:45 Castle Age
17:46 Bloodlines
18:10 Gold Mining
24:51 Bow Saw
25:35 Husbandry
26:10 Stone Mining
27:14 Scale Barding Armor
28:35 Forging
29:48 Wheelbarrow
30:00 Stone Shaft Mining
31:08 Iron Casting
31:08 Vendel Legacy
32:28 Heavy Plow
33:36 Hand Cart
37:39 Imperial Age
36:12 Chain Barding Armor
37:48 Cavalier
39:40 Two-Man Saw
39:18 Crop Rotation
39:30 Plate Barding Armor
40:56 Blast Furnace
41:46 Conscription
44:29 Fletching
44:39 Scale Mail Armor
Artem
1:04 Loom
11:15 Feudal Age
15:39 Castle Age
13:40 Horse Collar
16:35 Wheelbarrow
16:35 Double-Bit Axe
26:17 Wheelbarrow
29:13 Gambesons
29:28 Squires
29:15 Arson
29:38 Scale Mail Armor
30:00 Stone Mining
30:01 Gold Mining
30:36 Forging
30:49 Chain Mail Armor
30:42 Hamask
32:42 Iron Casting
36:43 Imperial Age
35:10 Fletching
38:33 Blast Furnace
38:04 Plate Mail Armor
37:50 Elite Jomsviking
41:39 Conscription
DennisCC
5:03 Loom
13:16 Feudal Age
20:20 Castle Age
19:01 Forging
21:38 Horse Collar
21:44 Double-Bit Axe
23:01 Gold Mining
28:23 Iron Casting
28:44 Husbandry
29:28 Bow Saw
30:23 Bloodlines
30:52 Heavy Plow
31:54 Scale Mail Armor
33:51 Wheelbarrow
34:49 Gold Shaft Mining
34:31 Chain Mail Armor
34:08 Stone Mining
35:00 Hand Cart
35:13 Scale Barding Armor
jphilkill
0:44 Loom
13:26 Feudal Age
15:16 Wheelbarrow
14:29 Double-Bit Axe
19:04 Castle Age
16:56 Gold Mining
17:59 Stone Mining
17:51 Horse Collar
20:24 Hand Cart
23:18 Heavy Plow
25:12 Bloodlines
27:46 Scale Barding Armor
27:53 Forging
28:48 Pikeman
29:29 Squires
30:35 Chain Barding Armor
32:56 Fletching
ausiobo
12:51 Feudal Age
18:12 Castle Age
18:11 Wheelbarrow
17:22 Loom
17:25 Town Watch
17:40 Double-Bit Axe
20:37 Hand Cart
27:21 Pikeman
28:15 Forging
29:11 Squires
30:38 Caravan
32:14 Bow Saw
31:58 Gold Mining
32:48 Iron Casting
35:03 Gold Shaft Mining
34:20 Stone Mining
37:13 Imperial Age
35:39 Scale Mail Armor
35:45 Scale Barding Armor
35:46 Town Watch
37:36 Fletching
37:15 Cavalier
39:16 Conscription
39:21 Chain Barding Armor
39:45 Bodkin Arrow
Bantum
2:58 Loom
12:49 Feudal Age
19:15 Castle Age
18:26 Double-Bit Axe
Connection lost

Rejoining the realm…

Still unreachable

The connection could not be restored.

Session expired

The server has moved on; the page needs a fresh start.